 Dungeon Crawl Stone Soup version 0.28-a0-1117-g0bdd5ba030 (webtiles) character file.

Game seed: 5073696987173420185

1031 SensoryNuts the Slasher (level 8, -3/60 HPs)
             Began as a Demonspawn Gladiator on Dec 11, 2021.
             Was a Believer of Cheibriados.
             Slain by a scorpion (5 damage)
             ... on level 6 of the Dungeon.
             The game lasted 00:05:55 (4729 turns).

SensoryNuts the Slasher (Demonspawn Gladiator)      Turns: 4729, Time: 00:05:55

Health: -3/60      AC:  6    Str: 24    XL:     8   Next: 3%
Magic:  7/7        EV: 18    Int: 15    God:    Cheibriados [**....]
Gold:   199        SH:  0    Dex: 19    Spells: 7/7 levels left

rFire   . . .      SeeInvis .   a - +0 long sword
rCold   . . .      Faith    .   (no shield)
rNeg    . . .      Spirit   .   b - +0 leather armour
rPois   .          Reflect  .   (helmet restricted)
rElec   .          Harm     .   (no cloak)
rCorr   .          Rampage  .   j - +2 pair of gloves
Will    .....                   (no boots)
Stlth   ++........              (no amulet)
HPRegen 1.20/turn               f - +4 ring of evasion
MPRegen 0.20/turn               (no ring)

@: lethally poisoned (-3 -> -4), unable to read, very slow
A: antennae 2, powered by death 2, magic regeneration, demonic touch 1, low mp
1, screaming 1, strong 1, inability to read while threatened
a: Renounce Religion, Bend Time


You were on level 6 of the Dungeon.
You worshipped Cheibriados.
Cheibriados was pleased with you.
You visited 1 branch of the dungeon, and saw 6 of its levels.

You collected 199 gold pieces.

Inventory:

Hand Weapons
 a - a +0 long sword (weapon)
Missiles
 d - 3 throwing nets (quivered)
Armour
 b - a +0 leather armour (worn)
 c - a +1 helmet
 j - a +2 pair of gloves (worn)
Jewellery
 f - a +4 ring of evasion (left hand)
 h - a ring of resist corrosion
 l - a ring of magical power
Wands
 k - a wand of charming (3)
Scrolls
 e - 4 scrolls of teleportation
 g - a scroll of magic mapping {unknown}


   Skills:
 + Level 3.8 Fighting
 + Level 6.3 Long Blades
 + Level 1.8 Throwing
 + Level 3.1 Armour
 + Level 4.6 Dodging
 + Level 2.0 Stealth


You had 7 spell levels left.
You didn't know any spells.
Your spell library contained the following spells:

 Spells                   Type           Power      Damage    Failure   Level
 Slow                     Hex            0%         N/A       30%         1
 Confusing Touch          Hex            0%         N/A       67%         3
 Vampiric Draining        Necr           0%         2d6       67%         3


Dungeon Overview and Level Annotations

Branches:
Dungeon (6/15)             Temple (0/1) D:6

Altars:
Cheibriados
Elyvilon
Makhleb
Ru
Uskayaw
Wu Jian


Innate Abilities, Weirdness & Mutations

You have a pair of antennae on your head.
You regenerate health from kills.
You regenerate magic rapidly.
Your touch may inflict minor irresistible damage on your foes.
Your magical capacity is low. (-10% MP)
You occasionally shout uncontrollably at your foes.
Your muscles are strong. (Str +2)
You sometimes lose the ability to read scrolls when taking damage.


Message History

You slash the scorpion!
The scorpion is severely wounded.
You feel sick. The scorpion stings you.
You are more poisoned.
The scorpion poisons you! The scorpion completely misses you.
The white imp gestures at you. The puff of frost hits you.
The scorpion stings you. The scorpion misses you.
You aren't carrying any potions.
You aren't carrying any potions.
You hit the scorpion. Your touch misses the scorpion.
The scorpion is almost dead.
You feel sick. The white imp completely misses you.
The scorpion stings you but does no damage.
The scorpion misses you.
You hit the scorpion.
The scorpion is almost dead.
You feel very sick. The scorpion barely misses you. The scorpion stings you.
* * * LOW HITPOINT WARNING * * *
The white imp closely misses you.
Unknown command.
You closely miss the scorpion.
The scorpion is almost dead.
You can read scrolls again.
You feel sick. The scorpion completely misses you. The scorpion misses you.
The white imp gestures at you. The puff of frost hits you.
You feel threatened and lose the ability to read scrolls!
* * * LOW HITPOINT WARNING * * *
You cannot read scrolls in your current state!
You hit the scorpion.
You kill the scorpion!
Cheibriados thoroughly appreciates the change of pace.
Cheibriados raises the support of your attributes as your movement slows.
You feel sick. The scorpion barely misses you. The white imp gestures at you.
The puff of frost misses you. The puff of frost hits you.
* * * LOW HITPOINT WARNING * * *
The scorpion stings you.
You die...

#..........## .....
+......#....##...#
.###......##.#.....#
.#.+..........#..>.##
.#.#......#...##....# .
.#.#......##..##...##..
.#.#......##.###..##.#
.#.#......#..###.#...#
...#..#...+...#.@s.#
#.....#####.....†5...#
<......#...#####........
..)....#...# ###....##
.......#...# ....#
.###'#.#..<# ....#
.....#.#...# ...#
######.#...##### ...#
#.# #.#....[....


You could see a scorpion and a white imp.

Vanquished Creatures
  A hornet (D:5)
  A black bear (D:4)
  2 ogres (D:5)
  2 phantoms
  4 scorpions
  Jessica (D:2)
  An iguana (D:6)
  An orc wizard (D:5)
  A hound skeleton (D:5)
  7 adders
  2 white imps (D:5)
  2 worms
  2 dart slugs (D:1)
  10 orcs
  7 endoplasms
  2 giant cockroaches
  9 goblins
  5 hobgoblins
  8 jackals
  2 quokkas
  9 ball pythons
  4 bats
  A frilled lizard (D:1)
  4 kobolds
  7 rats
95 creatures vanquished.

Vanquished Creatures (others)
  5 plants (D:1)
5 creatures vanquished.

Grand Total: 100 creatures vanquished

Notes
Turn   | Place    | Note
-------+----------+-------------------------------------------
     0 | D:1      | SensoryNuts the Demonspawn Gladiator began the quest for
                  | the Orb.
     0 | D:1      | Reached XP level 1. HP: 16/16 MP: 1/1
   105 | D:1      | Reached skill level 3 in Long Blades
   175 | D:1      | Discovered your monstrous ancestry.
   175 | D:1      | Gained mutation: Your touch may inflict minor irresistible
                  | damage on your foes. [demonic ancestry]
   175 | D:1      | Reached XP level 2. HP: 20/22 MP: 2/2
   774 | D:1      | Gained mutation: You regenerate a little health from kills.
                  | [demonic ancestry]
   774 | D:1      | Reached XP level 3. HP: 24/27 MP: 3/3
  1189 | D:1      | Gained mutation: You occasionally shout uncontrollably at
                  | your foes. [potion of mutation]
  1189 | D:1      | Gained mutation: You sometimes lose the ability to read
                  | scrolls when taking damage. [potion of mutation]
  1189 | D:1      | Gained mutation: Your magical capacity is low. (-10% MP)
                  | [potion of mutation]
  1189 | D:1      | Gained mutation: Your muscles are strong. (Str +2) [potion
                  | of mutation]
  1358 | D:2      | Noticed Jessica
  1368 | D:2      | Killed Jessica
  1372 | D:2      | Gained mutation: You have a pair of small antennae on your
                  | head. [demonic ancestry]
  1372 | D:2      | Reached XP level 4. HP: 19/33 MP: 3/3
  1881 | D:3      | Reached skill level 1 in Armour
  2005 | D:3      | Noticed a scorpion
  2021 | D:3      | Killed a scorpion
  2022 | D:3      | Reached skill level 4 in Long Blades
  2022 | D:3      | Reached XP level 5. HP: 15/39 MP: 4/4
  2293 | D:3      | Found a faded altar of an unknown god.
  2895 | D:3      | Prayed at the altar of an unknown god.
  2895 | D:3      | Became a worshipper of Cheibriados the Contemplative
  2895 | D:3      | Reached * piety under Cheibriados
  3078 | D:4      | Found a hide-covered altar of Uskayaw.
  3238 | D:4      | Noticed a black bear
  3241 | D:4      | Found a burning altar of Makhleb.
  3246 | D:4      | Killed a black bear
  3247 | D:4      | Gained mutation: You regenerate health from kills. [demonic
                  | ancestry]
  3247 | D:4      | Reached XP level 6. HP: 45/46 MP: 5/5
  3259 | D:4      | Found a sacrificial altar of Ru.
  3331 | D:4      | Reached skill level 5 in Long Blades
  3545 | D:4      | Found an ornate altar of the Wu Jian Council.
  3668 | D:5      | Entered Level 5 of the Dungeon
  3721 | D:5      | Reached skill level 1 in Stealth
  3789 | D:5      | Gained mutation: You regenerate magic rapidly. [demonic
                  | ancestry]
  3789 | D:5      | Reached XP level 7. HP: 32/52 MP: 6/6
  4154 | D:5      | Reached ** piety under Cheibriados
  4183 | D:5      | Noticed a hornet
  4189 | D:5      | Paralysed by a hornet for 3 turns
  4192 | D:5      | Killed a hornet
  4193 | D:5      | Reached skill level 6 in Long Blades
  4712 | D:6      | Found a staircase to the Ecumenical Temple.
  4724 | D:6      | Gained mutation: You have a pair of antennae on your head.
                  | [demonic ancestry]
  4724 | D:6      | Reached XP level 8. HP: 40/60 MP: 7/7
  4729 | D:6      | HP: 2/60 [white imp/puff of frost (6)]
  4729 | D:6      | Slain by a scorpion

Illustrated notes

Levels and vault maps discovered:
D:1:      dpeg_arrival_subterranean_lakeside_camping, layout_loops_ring,
          serial_forest, infiniplex_forest_clump_small,
          infiniplex_forest_lined_corner, infiniplex_forest_lined_3,
          infiniplex_forest_straight_1, infiniplex_forest_straight_1,
          infiniplex_forest_straight_5, infiniplex_forest_corner_1,
          infiniplex_forest_clump_large, infiniplex_forest_corner_1,
          infiniplex_forest_clump_medium
D:2:      layout_loops_ring, uniq_jessica
D:3:      minmay_spotlight, layout_basic, nicolae_ecumenical_lake_church,
          roderic_roman_lattice
D:4:      layout_gridville, lemuel_crystal_altar, minitemple,
          nzn_wu_jian_council_hall
D:5:      kb_forest_paths, layout_basic, trog_book, uniq_eustachio, uniq_ijyb,
          uniq_prince_ribbit1
D:6:      layout_basic, minmay_temple_entry_wispy, chequers_serial_rivers_marsh,
          nicolae_shop_clearance, uniq_pikel

Skill      XL: |  1  2  3  4  5  6  7 |
---------------+----------------------+-----
Long Blades    | 3 4 5 6 |  6.3
Dodging        | 3 4 |  4.6
Armour         | 1 2 3 |  3.1
Fighting       | 3 |  3.8
Stealth        | 1 2 |  2.0
Throwing       | |  1.8

Action                   |  1- 3 |  4- 6 |  7- 9 || total
-------------------------+-------+-------+-------++-------
Melee: Long sword        |    74 |   149 |    75 ||   298
       Touch             |     5 |    24 |    17 ||    46
  Use: Potion            |     5 |     2 |     1 ||     8
       Scroll            |     1 |     2 |     5 ||     8
 Stab: Sleeping          |     1 |     2 |     1 ||     4
Armor: Leather armour    |    27 |    35 |    17 ||    79
Dodge: Dodged            |    50 |   180 |    83 ||   313

Table legend: (Time is in decaauts)
 A = Elapsed time spent in this place.
 B = Non-inter-level travel time spent in this place.
 C = Inter-level travel time spent in this place.
 D = Time resting spent in this place.
 E = Time spent auto-exploring this place.
 F = Levels seen in this place.
 G = Mean time per level.
                   A        B        C        D        E       F      G
               +--------+--------+--------+--------+--------+-----+--------+
         Total |   5249 |   5249 |      0 |      0 |   4144 |   6 |  874.8 |
       Dungeon |   5249 |   5249 |      0 |      0 |   4144 |   6 |  874.8 |
               +--------+--------+--------+--------+--------+-----+--------+

Top non-repeatable levels by time:
     D:1: 1208 daAuts
     D:3: 1128 daAuts
     D:5: 1065 daAuts
     D:4: 970 daAuts
     D:2: 677 daAuts
     D:6: 200 daAuts
